AoeStats
← avh_imp

African Clearing

505684010Analyzed
2v2 RM · 23d ago on Sep 10, 2026· 66m 13s· 4 players
Game mode
Random Map
Map size
Medium (4 player)
Population
200
Speed
Normal
Resources
Standard
Victory
Conquest
Starting age
Dark Age
Ending age
Imperial Age
RankedLock teamsTeams togetherTeam positionsShared explorationLock speedFull tech treeHidden civsTurbo modeCheats
Victory
Defeat
🇪🇸 Britons · Spain
1135
+14
🇨🇳 Malians · China
1076
+17
🇩🇪 Inca · Germany
1098
-16
🇩🇪 Magyars · Germany
1090
-15
Basa El Grande
7:45 Loom
13:46 Feudal Age
14:23 Double-Bit Axe
16:07 Forging
17:27 Horse Collar
18:44 Scale Barding Armor
25:33 Castle Age
25:47 Wheelbarrow
25:52 Crossbowman
26:25 Fletching
30:46 Bodkin Arrow
37:00 Bow Saw
36:53 Heavy Plow
38:14 Stone Mining
38:18 Gold Mining
39:16 Padded Archer Armor
41:33 Leather Archer Armor
41:57 Gold Shaft Mining
43:07 Ballistics
45:55 Imperial Age
43:47 Murder Holes
43:35 Treadmill Crane
46:40 Bracer
47:10 Ring Archer Armor
46:03 Arbalester
47:30 Man-at-Arms
48:48 Iron Casting
48:13 Scale Mail Armor
48:30 Long Swordsman
49:11 Two-Handed Swordsman
51:34 Blast Furnace
51:35 Chain Mail Armor
51:12 Champion
53:51 Conscription
泥融飞燕子
14:56 Feudal Age
16:38 Loom
19:37 Castle Age
19:33 Scale Barding Armor
19:59 Stone Mining
20:01 Gold Mining
19:54 Horse Collar
20:08 Loom
22:20 Wheelbarrow
24:39 Husbandry
26:19 Double-Bit Axe
28:16 Stone Mining
29:31 Bloodlines
29:45 Chain Barding Armor
30:04 Town Watch
31:58 Forging
33:09 Bow Saw
33:01 Heavy Plow
33:57 Gold Shaft Mining
33:59 Stone Shaft Mining
35:37 Iron Casting
38:45 Imperial Age
36:43 Town Patrol
37:14 Scale Mail Armor
38:01 Hand Cart
39:31 Cavalier
41:12 Chain Mail Armor
40:55 Treadmill Crane
42:24 Squires
42:10 Arson
43:19 Plate Mail Armor
42:40 Fletching
42:21 Man-at-Arms
43:46 Crop Rotation
43:47 Ballistics
44:27 Chemistry
43:04 Elite Gbeto
44:07 Conscription
43:29 Capped Ram
43:47 Pikeman
43:48 Long Swordsman
44:58 Two-Handed Swordsman
45:53 Champion
48:16 Farimba
47:47 Light Cavalry
49:05 Plate Barding Armor
53:09 Tigui
54:24 Masonry
60:51 Bodkin Arrow
60:56 Padded Archer Armor
61:29 Architecture
schnage
10:28 Loom
12:58 Feudal Age
20:35 Castle Age
20:41 Scale Barding Armor
22:58 Double-Bit Axe
23:55 Pikeman
28:32 Bloodlines
30:11 Stone Mining
33:49 Corvinian Army
34:40 Murder Holes
34:31 Treadmill Crane
35:08 Bow Saw
38:01 Wheelbarrow
37:15 Town Watch
40:25 Imperial Age
40:19 Hand Cart
40:31 Chain Barding Armor
42:09 Chemistry
41:39 Conscription
43:49 Conscription
44:34 Elite Skirmisher
47:53 Fletching
48:04 Padded Archer Armor
49:07 Ballistics
49:48 Chemistry
48:47 Bodkin Arrow
51:03 Bracer
51:19 Leather Archer Armor
avh_imp
14:38 Feudal Age
12:55 Loom
15:43 Champi Runner
17:41 Arson
20:11 Castle Age
20:12 Champi Warrior
21:20 Double-Bit Axe
21:41 Scale Mail Armor
22:53 Horse Collar
24:03 Chain Mail Armor
27:09 Forging
29:10 Squires
30:14 Wheelbarrow
29:26 Town Watch
30:19 Bow Saw
32:13 Heavy Plow
33:59 Hand Cart
33:30 Pikeman
38:37 Imperial Age
38:51 Gold Mining
38:52 Stone Mining
40:42 Crop Rotation
39:55 Halberdier
43:28 Gold Shaft Mining
42:19 Elite Champi Warrior
44:11 Conscription
45:30 Plate Mail Armor
45:35 Iron Casting
46:27 Fabric Shields
47:08 Hoardings
51:44 Elite Kamayuk
Connection lost

Rejoining the realm…

Still unreachable

The connection could not be restored.

Session expired

The server has moved on; the page needs a fresh start.